[ AOE2 MATCH · #506556526 ]
UnrankedMuisca vs Bulgarians
Player's team · WIN
[ REPLAY ANALYSIS · EXTRACTED FROM THE RECORDED GAME ]
Feudal
8:56
Castle
22:00
Imperial
35:36
| APM avg | 52.8 |
| APM peak | 89 |
| eAPM avg | 23.3 |
| Villagers / military | 153 / 45 |
Focus
⚔️ 44.9% · 🌾 55.1%
Unknown (2586) ×97 · Archer ×36 · Unknown (2562) ×25 · Battering Ram ×3 · Trebuchet (Packed) ×3 · Monk ×2
Feudal
10:12
Castle
20:35
Imperial
36:24
| APM avg | 99.4 |
| APM peak | 205 |
| eAPM avg | 55.4 |
| Villagers / military | 193 / 225 |
Focus
⚔️ 61.9% · 🌾 38.1%
Skirmisher ×63 · Konnik ×49 · Scout Cavalry ×46 · Cavalry Archer ×42 · Battering Ram ×11 · Militia ×8
Match map
Initial resources + every placement click. Lines = walls · curves = elevation contours. ◆ gold · ⬟ stone · ● berries · ✦ relic · ◌ wall gap
Your base· Open — 4t gap
CL | Inkisidor_'s base· Open — 4t gap
Smoothed initial terrain · ◌ = detected wall gap · hover for details
Inputs per minute
— if i lose it all - - CL | Inkisidor_
Build order — if i lose it all
First 150 of 429 actions detected
| 0:00 | Create | Villager (Male) |
| 0:02 | Build | House |
| 0:02 | Build | House |
| 0:05 | Create | Villager (Male) |
| 0:05 | Create | Villager (Male) |
| 0:06 | Create | Villager (Male) |
| 0:06 | Create | Villager (Male) |
| 1:28 | Create | Villager (Male) |
| 1:49 | Build | Settlement |
| 1:51 | Create | Villager (Male) |
| 1:52 | Create | Villager (Male) |
| 2:25 | Create | Villager (Male) |
| 2:26 | Create | Villager (Male) |
| 2:51 | Create | Villager (Male) |
| 3:22 | Create | Villager (Male) |
| 3:29 | Create | Villager (Male) |
| 3:39 | Build | House |
| 3:40 | Build | House |
| 4:04 | Create | Villager (Male) |
| 4:36 | Create | Villager (Male) |
| 4:40 | Create | Villager (Male) |
| 5:06 | Build | Barracks |
| 5:13 | Create | Villager (Male) |
| 5:48 | Create | Villager (Male) |
| 5:53 | Research | Loom |
| 6:05 | Build | House |
| 6:46 | Research | Feudal Age |
| 7:03 | Create | Unit 2550 |
| 7:15 | Build | Settlement |
| 7:43 | Create | Unit 2550 |
| 8:50 | Create | Villager (Male) |
| 8:56 | Age | Feudal Age |
| 9:07 | Research | Double-Bit Axe |
| 9:13 | Create | Villager (Male) |
| 9:22 | Build | Archery Range |
| 9:34 | Create | Villager (Male) |
| 9:37 | Research | Tech 1402 |
| 9:48 | Create | Villager (Male) |
| 10:03 | Create | Villager (Male) |
| 10:14 | Build | House |
| 10:20 | Create | Archer |
| 10:31 | Research | Horse Collar |
| 10:31 | Research | Horse Collar |
| 10:36 | Build | House |
| 10:42 | Create | Villager (Male) |
| 11:03 | Build | House |
| 11:08 | Build | Farm |
| 11:09 | Create | Villager (Male) |
| 11:13 | Create | Archer |
| 11:16 | Build | Palisade Wall |
| 11:21 | Create | Villager (Male) |
| 11:33 | Build | Palisade Wall |
| 11:38 | Create | Archer |
| 11:39 | Create | Villager (Male) |
| 12:00 | Create | Villager (Male) |
| 12:18 | Create | Villager (Male) |
| 12:36 | Create | Villager (Male) |
| 12:47 | Build | Blacksmith |
| 12:54 | Create | Archer |
| 13:04 | Create | Villager (Male) |
| 13:12 | Create | Archer |
| 13:14 | Create | Villager (Male) |
| 13:15 | Build | Farm |
| 13:27 | Build | Farm |
| 13:32 | Create | Archer |
| 13:51 | Build | Palisade Wall |
| 13:53 | Build | Farm |
| 14:02 | Research | Fletching |
| 14:07 | Create | Villager (Male) |
| 14:09 | Build | Farm |
| 14:17 | Build | Palisade Wall |
| 14:23 | Build | Farm |
| 14:24 | Create | Villager (Male) |
| 14:35 | Create | Archer |
| 14:41 | Create | Villager (Male) |
| 14:57 | Create | Villager (Male) |
| 15:00 | Build | Palisade Wall |
| 15:10 | Build | Farm |
| 15:12 | Build | Farm |
| 15:20 | Create | Archer |
| 15:37 | Build | Palisade Wall |
| 15:39 | Create | Villager (Male) |
| 15:41 | Build | House |
| 15:42 | Build | Palisade Wall |
| 16:01 | Build | Palisade Wall |
| 16:02 | Build | Palisade Wall |
| 16:07 | Build | House |
| 16:08 | Create | Villager (Male) |
| 16:09 | Build | Farm |
| 16:23 | Create | Villager (Male) |
| 16:29 | Build | Farm |
| 16:39 | Build | Farm |
| 16:48 | Create | Villager (Male) |
| 17:00 | Create | Villager (Male) |
| 17:09 | Create | Villager (Male) |
| 17:22 | Create | Villager (Male) |
| 17:23 | Build | Farm |
| 18:16 | Build | House |
| 18:17 | Build | Archery Range |
| 18:23 | Build | Farm |
| 18:25 | Build | Farm |
| 18:35 | Create | Archer |
| 18:37 | Build | Farm |
| 18:49 | Build | Settlement |
| 19:18 | Create | Archer |
| 19:19 | Create | Archer |
| 19:20 | Research | Castle Age |
| 19:21 | Create | Archer |
| 19:26 | Create | Archer |
| 19:26 | Create | Archer |
| 19:33 | Create | Archer |
| 19:33 | Create | Archer |
| 19:46 | Research | Gold Mining |
| 19:47 | Research | Gold Mining |
| 19:58 | Create | Archer |
| 20:07 | Create | Archer |
| 20:38 | Create | Archer |
| 20:38 | Create | Archer |
| 20:45 | Create | Villager (Male) |
| 20:47 | Create | Archer |
| 21:03 | Create | Villager (Male) |
| 21:14 | Build | Farm |
| 21:19 | Create | Archer |
| 21:36 | Create | Archer |
| 21:52 | Create | Archer |
| 22:00 | Age | Castle Age |
| 22:02 | Research | Bodkin Arrow |
| 22:02 | Research | Crossbowman (upgrade) |
| 22:05 | Build | House |
| 22:07 | Build | University |
| 22:22 | Build | Town Center |
| 22:29 | Research | Bow Saw |
| 22:39 | Build | Siege Workshop |
| 22:45 | Create | Villager (Male) |
| 23:10 | Research | Ballistics |
| 23:10 | Create | Archer |
| 23:11 | Create | Archer |
| 23:11 | Create | Villager (Male) |
| 23:29 | Create | Villager (Male) |
| 23:31 | Create | Villager (Male) |
| 23:44 | Create | Mangonel |
| 23:46 | Create | Villager (Male) |
| 23:56 | Create | Villager (Male) |
| 24:02 | Create | Archer |
| 24:02 | Create | Archer |
| 24:03 | Create | Villager (Male) |
| 24:04 | Create | Villager (Male) |
| 24:19 | Research | Padded Archer Armor |
| 24:20 | Research | Padded Archer Armor |
| 24:21 | Create | Archer |
Build order — CL | Inkisidor_
First 150 of 705 actions detected
| 0:00 | Create | Villager (Male) |
| 0:00 | Create | Villager (Male) |
| 0:01 | Create | Villager (Male) |
| 0:01 | Build | House |
| 0:02 | Build | House |
| 0:06 | Create | Villager (Male) |
| 1:23 | Research | Loom |
| 1:31 | Create | Villager (Male) |
| 1:50 | Build | Lumber Camp |
| 1:54 | Create | Villager (Male) |
| 2:30 | Create | Villager (Male) |
| 2:52 | Create | Villager (Male) |
| 2:54 | Create | Villager (Male) |
| 3:34 | Build | House |
| 3:37 | Create | Villager (Male) |
| 4:03 | Create | Villager (Male) |
| 4:30 | Build | Barracks |
| 4:33 | Create | Villager (Male) |
| 4:58 | Build | House |
| 5:02 | Create | Villager (Male) |
| 5:02 | Create | Villager (Male) |
| 5:03 | Create | Villager (Male) |
| 5:08 | Create | Villager (Male) |
| 5:09 | Create | Villager (Male) |
| 5:25 | Build | House |
| 5:47 | Create | Militia |
| 5:47 | Create | Militia |
| 6:18 | Build | Mill |
| 6:22 | Create | Villager (Male) |
| 6:24 | Research | Loom |
| 6:45 | Create | Villager (Male) |
| 7:05 | Create | Villager (Male) |
| 7:13 | Research | Loom |
| 7:57 | Research | Feudal Age |
| 7:57 | Research | Feudal Age |
| 8:41 | Create | Militia |
| 8:41 | Create | Militia |
| 8:53 | Create | Militia |
| 8:53 | Create | Militia |
| 8:53 | Create | Militia |
| 9:31 | Build | Farm |
| 9:32 | Build | Farm |
| 9:51 | Create | Militia |
| 9:56 | Create | Villager (Male) |
| 9:58 | Build | Farm |
| 10:00 | Build | Farm |
| 10:02 | Build | Farm |
| 10:08 | Build | House |
| 10:10 | Build | Palisade Wall |
| 10:12 | Age | Feudal Age |
| 10:14 | Create | Villager (Male) |
| 10:21 | Research | Double-Bit Axe |
| 10:21 | Research | Double-Bit Axe |
| 10:21 | Research | Double-Bit Axe |
| 10:21 | Research | Double-Bit Axe |
| 10:32 | Build | Palisade Wall |
| 10:33 | Build | Palisade Wall |
| 10:49 | Create | Villager (Male) |
| 10:58 | Create | Villager (Male) |
| 11:13 | Create | Villager (Male) |
| 11:15 | Build | Farm |
| 11:16 | Build | Farm |
| 11:18 | Build | House |
| 11:20 | Build | Palisade Wall |
| 11:28 | Create | Villager (Male) |
| 11:32 | Create | Villager (Male) |
| 11:34 | Build | Farm |
| 11:35 | Create | Villager (Male) |
| 11:41 | Build | House |
| 11:43 | Build | Palisade Wall |
| 12:21 | Build | Farm |
| 12:25 | Build | Archery Range |
| 12:48 | Build | Blacksmith |
| 12:56 | Create | Villager (Male) |
| 13:04 | Create | Villager (Male) |
| 13:07 | Build | Farm |
| 13:09 | Build | Farm |
| 13:19 | Create | Skirmisher |
| 13:19 | Create | Skirmisher |
| 13:27 | Build | House |
| 13:40 | Create | Skirmisher |
| 13:53 | Build | Mining Camp |
| 13:56 | Create | Villager (Male) |
| 14:05 | Build | Palisade Wall |
| 14:12 | Create | Villager (Male) |
| 14:17 | Build | House |
| 14:24 | Build | Palisade Wall |
| 14:30 | Create | Skirmisher |
| 14:32 | Create | Villager (Male) |
| 14:35 | Build | Watch Tower |
| 14:40 | Create | Villager (Male) |
| 14:59 | Build | Farm |
| 14:59 | Research | Horse Collar |
| 14:59 | Research | Horse Collar |
| 14:59 | Research | Horse Collar |
| 15:15 | Create | Skirmisher |
| 15:25 | Build | Lumber Camp |
| 15:34 | Create | Villager (Male) |
| 15:39 | Research | Fletching |
| 15:39 | Research | Padded Archer Armor |
| 15:41 | Create | Skirmisher |
| 15:49 | Build | House |
| 15:53 | Create | Villager (Male) |
| 16:04 | Build | Farm |
| 16:26 | Create | Villager (Male) |
| 16:27 | Build | Farm |
| 16:37 | Build | Palisade Wall |
| 17:01 | Build | House |
| 17:49 | Build | Farm |
| 17:55 | Research | Castle Age |
| 17:55 | Research | Castle Age |
| 17:56 | Research | Castle Age |
| 18:18 | Build | House |
| 18:27 | Build | Archery Range |
| 18:38 | Build | Palisade Wall |
| 18:41 | Create | Skirmisher |
| 18:52 | Build | House |
| 18:55 | Create | Skirmisher |
| 18:55 | Create | Villager (Male) |
| 19:01 | Build | Palisade Wall |
| 19:01 | Build | Palisade Wall |
| 19:02 | Build | Palisade Wall |
| 19:13 | Build | Palisade Wall |
| 19:23 | Build | Farm |
| 19:29 | Build | Farm |
| 19:30 | Build | Farm |
| 20:01 | Build | House |
| 20:13 | Build | Farm |
| 20:13 | Build | Farm |
| 20:23 | Build | House |
| 20:25 | Build | Palisade Wall |
| 20:35 | Age | Castle Age |
| 20:42 | Create | Villager (Male) |
| 20:44 | Create | Cavalry Archer |
| 20:44 | Create | Cavalry Archer |
| 20:44 | Create | Cavalry Archer |
| 20:46 | Research | Bodkin Arrow |
| 20:46 | Research | Leather Archer Armor |
| 21:01 | Build | University |
| 21:05 | Create | Cavalry Archer |
| 21:05 | Create | Cavalry Archer |
| 21:14 | Research | Bow Saw |
| 21:14 | Research | Bow Saw |
| 21:14 | Create | Villager (Male) |
| 21:18 | Create | Villager (Male) |
| 21:24 | Create | Cavalry Archer |
| 21:25 | Create | Cavalry Archer |
| 21:27 | Create | Villager (Male) |
| 21:38 | Create | Cavalry Archer |
| 21:38 | Create | Cavalry Archer |
Match timeline
| 4:30 | CL | Inkisidor_ · first_building Barracks |
| 5:06 | if i lose it all · first_building Barracks |
| 8:56 | if i lose it all · age_up feudal |
| 9:22 | if i lose it all · first_building Archery Range |
| 10:10 | CL | Inkisidor_ · wall_segment Palisade Wall x4 |
| 10:12 | CL | Inkisidor_ · age_up feudal |
| 10:32 | CL | Inkisidor_ · wall_segment Palisade Wall x1 |
| 10:33 | CL | Inkisidor_ · wall_segment Palisade Wall x1 |
| 11:16 | if i lose it all · wall_segment Palisade Wall x1 |
| 11:20 | CL | Inkisidor_ · wall_segment Palisade Wall x1 |
| 11:33 | if i lose it all · wall_segment Palisade Wall x4 |
| 11:43 | CL | Inkisidor_ · wall_segment Palisade Wall x3 |
| 12:25 | CL | Inkisidor_ · first_building Archery Range |
| 13:51 | if i lose it all · wall_segment Palisade Wall x12 |
| 14:05 | CL | Inkisidor_ · wall_segment Palisade Wall x1 |
| 14:17 | if i lose it all · wall_segment Palisade Wall x3 |
| 14:24 | CL | Inkisidor_ · wall_segment Palisade Wall x1 |
| 15:00 | if i lose it all · wall_segment Palisade Wall x7 |
| 15:37 | if i lose it all · wall_segment Palisade Wall x4 |
| 15:42 | if i lose it all · wall_segment Palisade Wall x1 |
| 16:01 | if i lose it all · wall_segment Palisade Wall x8 |
| 16:02 | if i lose it all · wall_segment Palisade Wall x6 |
| 16:37 | CL | Inkisidor_ · wall_segment Palisade Wall x6 |
| 18:38 | CL | Inkisidor_ · wall_segment Palisade Wall x13 |
| 19:01 | CL | Inkisidor_ · wall_segment Palisade Wall x5 |
| 19:01 | CL | Inkisidor_ · wall_segment Palisade Wall x1 |
| 19:02 | CL | Inkisidor_ · wall_segment Palisade Wall x1 |
| 19:13 | CL | Inkisidor_ · wall_segment Palisade Wall x5 |
| 20:25 | CL | Inkisidor_ · wall_segment Palisade Wall x10 |
| 20:35 | CL | Inkisidor_ · age_up castle |
| 22:00 | if i lose it all · age_up castle |
| 22:39 | if i lose it all · first_building Siege Workshop |
| 22:39 | CL | Inkisidor_ · wall_segment Palisade Wall x7 |
| 26:07 | CL | Inkisidor_ · first_building Siege Workshop |
| 28:05 | if i lose it all · first_building Castle |
| 32:03 | CL | Inkisidor_ · first_building Krepost |
| 32:13 | if i lose it all · first_market_buy 100 food |
| 32:21 | if i lose it all · first_building Monastery |
| 32:33 | CL | Inkisidor_ · first_building Monastery |
| 35:36 | if i lose it all · age_up imperial |
| 36:24 | CL | Inkisidor_ · age_up imperial |
| 40:20 | CL | Inkisidor_ · first_building Stable |
| 46:37 | CL | Inkisidor_ · resign |
[ AI ANALYSIS · 1 CREDIT ]
What really happened in this match?
Wolo.gg analyzes every decision: build order, eco, micro, common mistakes by bracket. Personalized analysis on WhatsApp or Discord in 30 seconds.
Civ guide
Muisca
Perfil
zankoku (if i lose it all)